 Dungeon Crawl Stone Soup version 0.29.0-7-g18a832c13a (webtiles) character file.

Game seed: 17975707579431554309

221 funkygono the Firebug (level 5, 0/28 HPs)
             Began as a Gargoyle Fire Elementalist on Aug 31, 2022.
             Splashed by a jelly's acid (3 damage)
             ... on level 4 of the Dungeon.
             The game lasted 00:05:10 (4123 turns).

funkygono the Firebug (Gargoyle Fire Elementalist)  Turns: 4123, Time: 00:05:10

Health: 0/28       AC: -4    Str: 12    XL:     5   Next: 98%
Magic:  8/9        EV: 12    Int: 17    God:
Gold:   139        SH:  0    Dex: 10    Spells: 4/10 levels left

rFire   . . .      SeeInvis +   p - +0 whip
rCold   . . .      Faith    .   (no shield)
rNeg    + . .      Spirit   .   a - +0 robe
rPois   ∞          Reflect  .   s - +2 hat
rElec   +          Harm     .   (no cloak)
rCorr   .          Rampage  .   (no gloves)
Will    .....                   (no boots)
Stlth   ++........              o - amulet of regeneration
HPRegen 0.89/turn               c - ring of see invisible
MPRegen 0.11/turn               (no ring)

@: corroded
A: sickness immunity, AC +4, negative energy resistance 1, electricity
resistance, torment resistance 1, petrification resistance
a: no special abilities


You were on level 4 of the Dungeon.
You visited 1 branch of the dungeon, and saw 4 of its levels.

You collected 139 gold pieces.

Inventory:

Hand Weapons
 p - a +0 whip (weapon)
 v - a +0 flail
Armour
 a - a +0 robe (worn)
 g - a +0 ring mail
 q - a +0 leather armour
 s - a +2 hat (worn)
Jewellery
 c - a ring of see invisible (left hand)
 l - an amulet of faith
 o - an amulet of regeneration (around neck)
Wands
 w - a wand of iceblast (8)
 y - a wand of flame (25)
Scrolls
 d - a scroll of summoning {unknown}
 f - 3 scrolls of identify {unknown}
 i - a scroll of blinking {unknown}
 k - a scroll of fear {unknown}
 u - a scroll of magic mapping {unknown}
Potions
 b - a potion of magic
 e - a potion of haste {unknown}
 h - 2 potions of resistance {unknown}
 j - 2 potions of heal wounds {unknown}
 m - a potion of mutation {unknown}
 n - a potion of brilliance {unknown}
 r - a potion of cancellation {unknown}
 t - a potion of lignification {unknown}
 x - a potion of flight {unknown}


   Skills:
 + Level 0.3 Fighting
 + Level 0.5 Maces & Flails
 + Level 1.9 Dodging
 + Level 3.0 Stealth
 + Level 3.1 Spellcasting
 + Level 3.0 Conjurations
 + Level 4.4 Fire Magic


You had 4 spell levels left.
You knew the following spells:

 Your Spells              Type           Power      Damage    Failure   Level
a - Foxfire               Conj/Fire      60%        2x1d7     3%          1
b - Scorch                Fire           34%        2d6       4%          2
c - Conjure Flame         Conj/Fire      15%        6-21      11%         3

Your spell library contained the following spells:

 Spells                   Type           Power      Damage    Failure   Level
 Inner Flame              Hex/Fire       10%        N/A       21%         3
 Flame Wave               Conj/Fire      15%        2d7       36%         4
 Fireball                 Conj/Fire      7%         3d5       71%         5
 Starburst                Conj/Fire      7%         6d4       99%         6
 Ignition                 Fire           8%         3d5       100%        8


Dungeon Overview and Level Annotations

Branches:
Dungeon (4/15)
 Temple: D:4-7

Altars:

Shops:
D:2 =


Innate Abilities, Weirdness & Mutations

You are immune to sickness and miasma.
Your stone body is resilient. (AC +4)
You are immune to poison.
You resist negative energy. (rN+)
You are resistant to electric shocks. (rElec)
You are resistant to unholy torment.
You are immune to petrification.


Message History

The foxfire hits the jelly.
The jelly is severely wounded.
The foxfire hits the jelly.
The jelly is severely wounded.
You hit the jelly. The acid corrodes you!
Your hands burn!
The jelly is almost dead.
The jelly barely misses you.
You hit the jelly but do no damage.
Your hands burn!
The jelly is almost dead.
The jelly barely misses you.
You barely miss the jelly.
The jelly is almost dead.
The jelly barely misses you. The jelly hits you but does no damage.
You hit the jelly but do no damage.
Your hands burn!
The jelly is almost dead.
The jelly barely misses you.
You hit the jelly but do no damage.
Your hands burn!
The jelly is almost dead.
The jelly hits you but does no damage.
You completely miss the jelly.
The jelly is almost dead.
The jelly closely misses you.
You hit the jelly but do no damage. The acid corrodes you!
Your hands burn!
The jelly is almost dead.
The jelly closely misses you.
You hit the jelly but do no damage.
Your hands burn!
The jelly is almost dead.
The jelly barely misses you.
You hit the jelly.
Your hands burn!
The jelly is almost dead.
The jelly barely misses you.
You hit the jelly but do no damage.
Your hands burn!
The jelly is almost dead.
The jelly misses you.
You hit the jelly but do no damage. The acid corrodes you!
Your hands burn!
The jelly is almost dead.
The jelly hits you. The acid corrodes you!
You are splashed with acid!
* * * LOW HITPOINT WARNING * * *
You hit the jelly but do no damage. The acid corrodes you!
Your hands burn!
You die...

#............#..#..##.
#.....................
#............#..#.###.
#..................)
#.....................
#...........##..######
#....................
###########..........
#..@.......
#..J...>...
#..........
#..........
#..........
#..........
#..........
####+######


You could see a jelly.

Vanquished Creatures
  A gnoll bouda (D:4)
  Terence (D:3)
  7 gnolls
  4 adders
  A dart slug (D:1)
  An orc (D:4)
  5 ball pythons
  3 bats (D:1)
  9 endoplasms
  4 giant cockroaches
  5 goblins
  A hobgoblin (D:1)
  3 jackals (D:3)
  2 quokkas (D:1)
  4 frilled lizards
  5 kobolds
  3 rats
59 creatures vanquished.

Vanquished Creatures (collateral kills)
  2 foxfires (D:3)
2 creatures vanquished.

Vanquished Creatures (others)
  165 foxfires
  6 plants (D:3)
171 creatures vanquished.

Grand Total: 232 creatures vanquished

Notes
Turn   | Place    | Note
-------+----------+-------------------------------------------
     0 | D:1      | funkygono the Gargoyle Fire Elementalist began the quest
                  | for the Orb.
     0 | D:1      | Reached XP level 1. HP: 10/10 MP: 3/3
   250 | D:1      | Reached XP level 2. HP: 12/15 MP: 0/5
   319 | D:1      | Learned a level 2 spell: Scorch
   813 | D:1      | Reached XP level 3. HP: 14/19 MP: 6/6
  1479 | D:2      | Found Caho's Jewellery Emporium.
  2042 | D:2      | Reached XP level 4. HP: 24/24 MP: 4/7
  2243 | D:2      | Reached skill level 4 in Fire Magic
  2429 | D:3      | Found a faded altar of an unknown god.
  3009 | D:3      | Reached XP level 5. HP: 20/28 MP: 3/9
  3112 | D:3      | Noticed Terence
  3120 | D:3      | Killed Terence
  3938 | D:3      | Learned a level 3 spell: Conjure Flame
  4123 | D:4      | Splashed by a jelly's acid

Illustrated notes

Levels and vault maps discovered:
D:1:      lemuel_arrival_river_ford, layout_loops_corners
D:2:      layout_loops_corners, serial_shops, shop_fountains
D:3:      layout_loops_ring, serial_forest, infiniplex_forest_clump_cross,
          infiniplex_forest_clump_double, infiniplex_forest_end_2,
          infiniplex_forest_clump_double, infiniplex_forest_lined_corner,
          infiniplex_forest_join, infiniplex_forest_clump_long,
          infiniplex_forest_lined_3_way, ebering_ecumenical_altar_hall,
          uniq_terence
D:4:      layout_basic, ebering_ghost_disaster_area

Skill      XL: |  1  2  3  4  5 |
---------------+----------------+-----
Fire Magic     | 4 |  4.4
Conjurations   | 2 3 |  3.0
Stealth        | 3 |  3.0
Spellcasting   | 3 |  3.1
Fighting       | |  0.3
Maces & Flails | |  0.5
Dodging        | |  1.9

Action                   |  1- 3 |  4- 6 || total
-------------------------+-------+-------++-------
Melee: Unarmed           |     4 |       ||     4
       Club              |    16 |       ||    16
       Whip              |       |    30 ||    30
 Cast: Foxfire           |    51 |    48 ||    99
       Scorch            |     2 |    12 ||    14
Armor: Robe              |    10 |    13 ||    23
Dodge: Dodged            |    25 |    36 ||    61
